Map: Ley Lines

Players

ManlyManMeat - Winner!

  • Race: Zerg Zerg
  • League: Diamond
  • Spawn Location: 1:00

Nol

  • Race: Terran Terran
  • League: Diamond
  • Spawn Location: 7:00

VOD

Have the link to the VOD?

Description

Time

  • Played on: July 5, 2025, 10:16 a.m.
  • Length: 12:20
Show
View Real Time Build Order
Export as new Build Order

ManlyManMeat Zerg - Winner!

Build Orders: Hatch First 

Get SALT Encoding   

  12  0:00  Drone  
  13  0:09  Drone  
  13  0:13  Extractor  
  13  0:17  Drone  
  15  0:22  Overlord  
  16  0:42  Drone  
  16  0:46  Hatchery  
  15  0:50  Drone  
  15  0:54  Drone  
  17  0:57  Drone  
  18  1:09  Extractor  
  17  1:14  Spawning Pool  
  17  1:17  Drone  
  17  1:20  Drone  
  18  1:26  Drone  
  19  1:36  Drone  
  20  2:01  Queen x2  
  20  2:02  Zergling x4  
  20  2:05  Overlord  
  26  2:09  Drone  
  27  2:23  Drone  
  27  2:24  Drone x2  
  30  2:45  Drone  
  30  2:46  Drone x2  
  30  2:48  Hatchery  
  32  2:59  Overlord  
  32  3:01  Drone x2  
  34  3:05  Queen  
  36  3:18  Drone x5  
  41  3:23  Metabolic Boost  
  40  3:29  Queen  
  42  3:36  Overlord  
  42  3:39  Overlord  
  42  3:58  Zergling x6  
  42  3:59  Drone x6  
  42  4:01  Queen  
  53  4:04  Zergling x4  
  54  4:25  Drone x3  
  54  4:26  Drone x5, Overlord x2  
  62  4:40  Baneling Nest, Drone, Evolution Chamber  
  62  4:41  Drone  
  62  4:54  Drone x2  
  62  4:56  Drone x2, Overlord  
  62  4:57  Overlord x3  
  66  5:03  Drone  
  66  5:04  Drone, Evolution Chamber  
  64  5:20  Zerg Melee Weapons Level 1  
  64  5:23  Hatchery, Lair  
  64  5:25  Zergling x14  
  70  5:33  Hatchery  
  69  5:38  Drone x3, Extractor  
  69  5:39  Drone x3  
  69  5:40  Drone x2, Extractor  
  69  5:41  Zerg Ground Armor Level 1  
  75  5:44  Baneling x4  
  75  5:49  Zergling x8  
  79  6:03  Hatchery  
  78  6:04  Zergling x2  
  78  6:05  Zergling x8  
  79  6:21  Zergling x12  
  79  6:22  Zergling x6  
  83  6:29  Zergling x4  
  83  6:32  Centrifugal Hooks  
  85  6:33  Infestation Pit  
  85  6:37  Baneling x4  
  84  6:45  Baneling x2  
  84  6:46  Zergling x22  
  84  6:47  Zergling x4  
  94  6:58  Baneling  
  94  6:59  Baneling x2  
  94  7:07  Zergling x16  
  84  7:37  Zergling x18  
  84  7:42  Drone x3  
  93  7:46  Zerg Melee Weapons Level 2  
  93  7:48  Hatchery  
  93  7:49  Hatchery  
  91  7:54  Baneling  
  91  7:55  Baneling x5  
  91  7:57  Drone x4  
  95  8:02  Queen  
  97  8:07  Overseer  
  94  8:29  Hatchery  
  94  8:34  Zergling x42  
  91  8:39  Infestor  
  109  8:41  Overlord x2  
  109  8:42  Overlord  
  109  8:45  Hive  
  109  8:56  Zergling x16  
  109  8:58  Baneling x5  
  117  9:07  Zergling x14  
  117  9:08  Zergling x8  
  128  9:14  Hatchery  
  127  9:23  Hatchery  
  127  9:24  Baneling x8  
  126  9:29  Zergling x10  
  126  9:30  Zergling x20  
  141  9:41  Drone x9  
  141  9:42  Overlord x3  
  149  9:53  Baneling x10  
  149  9:56  Zergling x12  
  149  9:57  Zergling x4  
  145  10:22  Zergling x4  
  145  10:23  Zergling x32, Infestor  
  165  10:36  Drone x6  
  165  10:38  Drone x4  
  175  10:43  Infestor  
  175  10:46  Baneling  
  175  10:47  Baneling x4  
  177  11:01  Baneling x5  
  144  11:21  Zergling x28  
  152  11:27  Baneling  
  152  11:28  Baneling x7  
  152  11:31  Drone x6  
  152  11:32  Drone  
  159  11:34  Drone x8  
  160  11:46  Zergling x24  
  160  11:47  Zergling x12  
  160  12:01  Zergling x16  
Show
View Real Time Build Order
Export as new Build Order

Nol Terran 

Build Orders:  

Get SALT Encoding   

  12  0:00  SCV  
  13  0:12  SCV  
  14  0:17  Supply Depot  
  14  0:25  SCV  
  15  0:39  SCV  
  15  0:41  Barracks  
  16  0:47  Refinery  
  16  0:51  SCV  
  17  1:03  SCV  
  18  1:10  Supply Depot  
  18  1:15  SCV  
  19  1:27  SCV  
  20  1:36  Reaper  
  20  1:39  Orbital Command  
  21  1:56  Command Center  
  21  2:08  Barracks  
  21  2:12  SCV  
  21  2:15  Barracks Reactor  
  22  2:25  SCV  
  23  2:33  Factory  
  24  2:37  SCV  
  24  2:49  SCV  
  25  2:55  Marine x2  
  25  2:58  Engineering Bay  
  27  3:00  Refinery  
  27  3:01  SCV  
  27  3:03  Barracks, Barracks Tech Lab  
  27  3:05  Barracks  
  28  3:14  Orbital Command  
  28  3:18  Supply Depot  
  28  3:21  Factory Tech Lab  
  28  3:27  Stimpack  
  28  3:29  SCV  
  29  3:36  Marine x2  
  31  3:42  Supply Depot  
  31  3:44  SCV  
  32  3:49  SCV  
  33  4:03  Marine  
  33  4:07  Barracks Reactor  
  33  4:08  SCV x2  
  36  4:13  Barracks Reactor  
  36  4:15  Starport  
  36  4:20  SCV x2  
  36  4:22  Refinery  
  37  4:24  Marine  
  37  4:25  Marine x2  
  40  4:32  Barracks, SCV x2  
  40  4:35  Siege Tank  
  45  4:44  Marine x2  
  45  4:45  Marine x2  
  47  4:46  Marine, SCV  
  47  4:48  SCV  
  47  4:50  Marine x2  
  47  4:52  Starport Reactor  
  54  4:56  Supply Depot  
  54  4:58  SCV  
  55  5:00  SCV  
  55  5:06  Combat Shield  
  56  5:10  SCV  
  57  5:15  Marine x3  
  57  5:16  Marine x2  
  57  5:17  Marine  
  57  5:20  Barracks Reactor  
  63  5:21  Supply Depot  
  63  5:24  SCV  
  63  5:25  SCV  
  65  5:28  Refinery  
  65  5:30  Medivac  
  65  5:31  Marine  
  65  5:33  Marine  
  69  5:42  Marine  
  70  5:43  Marine x4, Medivac  
  70  5:44  SCV  
  70  5:46  SCV  
  78  5:55  Supply Depot  
  78  6:10  Supply Depot  
  78  6:16  Marine x7, Terran Infantry Weapons Level 1, SCV  
  86  6:18  Supply Depot  
  86  6:19  Marine  
  86  6:20  SCV, Armory  
  86  6:23  Engineering Bay  
  85  6:26  Marine  
  85  6:31  Siege Tank, SCV  
  85  6:32  SCV  
  91  6:34  Marine  
  91  6:43  SCV  
  91  6:44  SCV  
  93  6:49  Supply Depot  
  93  6:50  Supply Depot  
  93  7:11  Marine x3, SCV x2  
  98  7:22  Command Center x2  
  98  7:23  Supply Depot, Terran Infantry Armor Level 1, SCV  
  98  7:24  Supply Depot, SCV  
  98  7:25  Supply Depot  
  98  7:26  Supply Depot  
  65  7:45  Marine, Siege Tank  
  65  7:46  Marine x6  
  65  7:47  Medivac x2  
  65  7:49  SCV  
  65  7:50  SCV  
  81  7:57  Missile Turret, Supply Depot  
  81  8:00  Marine  
  81  8:03  SCV  
  83  8:07  Marine x4  
  83  8:11  Terran Vehicle Weapons Level 1  
  87  8:15  Barracks  
  87  8:17  Siege Tank  
  90  8:24  SCV x2  
  86  8:31  Refinery  
  84  8:42  Planetary Fortress  
  84  8:46  Refinery  
  84  8:47  SCV x2  
  86  8:53  Command Center  
  86  8:58  Medivac x2  
  86  8:59  Marine, SCV x2  
  86  9:00  Marine x5  
  86  9:01  Siege Tank  
  86  9:02  Terran Infantry Weapons Level 2  
  101  9:11  Marauder, Concussive Shells, SCV x2  
  101  9:14  Marine, Barracks Reactor  
  101  9:15  Marine  
  107  9:17  Marine  
  107  9:19  SCV  
  107  9:22  Marine x2  
  107  9:23  Marine, SCV  
  107  9:24  SCV  
  114  9:25  Infernal Pre-Igniter  
  114  9:29  Marine  
  114  9:30  Marine  
  116  9:31  SCV  
  116  9:32  Marine  
  116  9:36  SCV x2  
  120  9:41  Marine  
  120  9:42  Marine x5  
  120  9:44  SCV  
  125  9:59  Marine  
  125  10:00  Marauder, Marine  
  125  10:06  Marine x4  
  125  10:07  Marine x3  
  133  10:13  SCV x2  
  139  10:14  Command Center  
  139  10:15  Marine  
  131  10:22  Marauder  
  133  10:28  Command Center  
  133  10:32  Marine  
  133  10:33  Marine x8  
  142  10:40  Starport  
  142  11:11  SCV  
  142  11:13  Marauder  
  100  11:26  Siege Tank  
  100  11:30  Factory, Medivac  
  100  11:31  Starport Tech Lab, Medivac  
  107  11:36  Supply Depot  
  104  11:41  Marine x3  
  93  11:54  Marine x4  
  84  11:55  Marauder  
Tags
 
Matchup
TvZ
Replay Pack
Myownreplay2
Spawn Locations
Cross Positions
Add a new tag
Caveats
  • Supply blocks, unpowered buildings, or Contaminate may cause inaccurate times.
  • Supply counts are checked every 10 seconds.